 Dungeon Crawl Stone Soup version 0.29.0-4-gdea44cf6ec (webtiles) character file.

Game seed: 17774994453043255763

26 qw the Chopper (level 3, 0/21 HPs)
             Began as a Tengu Warper on Aug 28, 2022.
             Succumbed to their own poison gas
             ... on level 1 of the Dungeon.
             The game lasted 00:00:05 (1129 turns).

qw the Chopper (Tengu Warper)                       Turns: 1129, Time: 00:00:06

Health: 0/21       AC:  8    Str: 13    XL:     3   Next: 8%
Magic:  7/7        EV: 10    Int: 13    God:
Gold:   80         SH:  0    Dex: 13    Spells: 6/6 levels left

rFire   . . .      SeeInvis .   Y - +1 hand axe
rCold   . . .      Faith    .   (no shield)
rNeg    . . .      Spirit   .   j - +0 chain mail
rPois   .          Reflect  .   (helmet restricted)
rElec   .          Harm     .   (no cloak)
rCorr   .          Rampage  .   (no gloves)
Will    .....                   (boots unavailable)
Stlth   ..........              (no amulet)
HPRegen 0.07/turn               l - +4 ring of evasion
MPRegen 0.10/turn               (no ring)

@: lethally poisoned (0 -> -5)
A: beak, talons 3
a: no special abilities


You were on level 1 of the Dungeon.
You visited 1 branch of the dungeon, and saw 1 of its levels.

You collected 80 gold pieces.


Innate Abilities, Weirdness & Mutations

You have a beak for a mouth.
You have claws for feet.


   Skills:
 - Level 2.0 Fighting
 + Level 3.8 Axes
 - Level 1.0 Throwing
 - Level 1.1 Armour
 - Level 2.1 Dodging
 - Level 2.0 Spellcasting
 - Level 2.4 Translocations


You had 6 spell levels left.
You didn't know any spells.
Your spell library contained the following spells:

 Spells                   Type           Power      Damage    Failure   Level
 Blink                    Tloc           14%        N/A       99%         2
 Gell's Gravitas          Tloc           7%         N/A       100%        3
 Lesser Beckoning         Tloc           7%         N/A       100%        3
 Teleport Other           Tloc           7%         N/A       100%        3
 Manifold Assault         Tloc           7%         N/A       100%        5

Inventory:

Hand Weapons
 d - a +0 whip
 Y - a +1 hand axe (weapon)
Armour
 j - a +0 chain mail (worn)
Jewellery
 l - a +4 ring of evasion (left hand)
Potions
 f - a potion of heal wounds {unknown}
 g - a potion of flight {unknown}

Dungeon Overview and Level Annotations

Branches:
Dungeon (1/15)

Altars:


Message History

You hear a loud clanging noise!
It was a scroll of noise.
Done exploring.
1120 ||| READING scroll labelled FONYSTRUNUJ.
The air fills with toxic fumes!
As you read the scroll labelled FONYSTRUNUJ, it crumbles to dust.
It was a scroll of poison.
Done exploring.
1121 ||| READING scroll labelled DID PUOBRUCE.
As you read the scroll labelled DID PUOBRUCE, it crumbles to dust.
The scroll dissolves into smoke.
It was a scroll of fog.
Done exploring.
1122 ||| READING scroll labelled POSTREL VUUDE.
As you read the scroll labelled POSTREL VUUDE, it crumbles to dust.
It is a scroll of enchant weapon.
Your +0 hand axe glows red for a moment.
Done exploring.
1123 ||| DROPPING scroll of blinking.
You drop a scroll of blinking.
Done exploring.
(D) Dungeon
Where to? (* - list waypoints, ? - help)
What level of the Dungeon? (default 1, ? - help) Sorry, I don't know how to get there.
Done exploring.
1124 ||| Stepping randomly (stuck).
Really walk into that cloud of poison gas?
You are engulfed in poison gas.
You are poisoned.
You feel very sick.
1125 ||| Stepping ~*~*~tactically~*~*~ (cloud).
You feel sick.
Things that are here:
a scroll of blinking; a +0 leather armour
There is a lethal amount of poison in your body!
You feel sick.
There is a lethal amount of poison in your body!
You feel sick.
There is a lethal amount of poison in your body!
You feel sick.
There is a lethal amount of poison in your body!
You die...

########################
#0¤0¤00¤0¤000¤¤.........
#0¤¤¤0¤@¤¤00000.........
#¤######################
##########..............#
######...>..(.....##########'####
.............##.#.#########.....#
######....##....#.........#.....#
...#......####..#.........#.....#
...#....#.# #..#.........#......
...#....#'## #..#.........#......


There were no monsters in sight!

Vanquished Creatures
  A dart slug (D:1)
  3 endoplasms (D:1)
  A giant cockroach (D:1)
  2 goblins (D:1)
  4 hobgoblins (D:1)
  2 bats (D:1)
  3 frilled lizards (D:1)
  3 kobolds (D:1)
  4 rats (D:1)
23 creatures vanquished.

Notes
Turn   | Place    | Note
-------+----------+-------------------------------------------
     0 | D:1      | qw the Tengu Warper began the quest for the Orb.
     0 | D:1      | Reached XP level 1. HP: 12/12 MP: 4/4
     0 | D:1      | 0 ||| qw: Version: 0.1-a-89-g26bdef1
     0 | D:1      | 0 ||| qw: Game counter: 50
     0 | D:1      | 0 ||| qw: Always use a shield: true
     0 | D:1      | 0 ||| qw: God list: Okawaru
     0 | D:1      | 0 ||| qw: Allow faded altars: false
     0 | D:1      | 0 ||| qw: Do Orc after D:15 true
     0 | D:1      | 0 ||| qw: Do second Lair branch before Depths: true
     0 | D:1      | 0 ||| qw: Lair rune preference: random
     0 | D:1      | 0 ||| qw: Plans: Normal
     0 | D:1      | 0 ||| PLANNING D:1-11
    18 | D:1      | 18 ||| Stepping ~*~*~tactically~*~*~ (hiding).
    21 | D:1      | 21 ||| Stepping ~*~*~tactically~*~*~ (hiding).
   144 | D:1      | Reached XP level 2. HP: 17/17 MP: 6/6
   169 | D:1      | Reached skill level 3 in Axes
   229 | D:1      | 229 ||| DROPPING +0 club.
   764 | D:1      | Reached XP level 3. HP: 19/21 MP: 7/7
  1106 | D:1      | 1106 ||| UPGRADING to +0 chain mail.
  1116 | D:1      | 1116 ||| DROPPING +0 leather armour.
  1117 | D:1      | 1117 ||| UPGRADING to +4 ring of evasion.
  1118 | D:1      | 1118 ||| READING scroll labelled KEJEHU EQUGRIN.
  1119 | D:1      | 1119 ||| READING scroll labelled LOACWE WOTSIVE.
  1120 | D:1      | 1120 ||| READING scroll labelled FONYSTRUNUJ.
  1121 | D:1      | 1121 ||| READING scroll labelled DID PUOBRUCE.
  1122 | D:1      | 1122 ||| READING scroll labelled POSTREL VUUDE.
  1123 | D:1      | 1123 ||| DROPPING scroll of blinking.
  1124 | D:1      | 1124 ||| Stepping randomly (stuck).
  1125 | D:1      | 1125 ||| Stepping ~*~*~tactically~*~*~ (cloud).
  1126 | D:1      | HP: 4/21 [poisoned by you (poison gas)]
  1128 | D:1      | HP: 1/21 [poisoned by you (poison gas)]
  1129 | D:1      | Succumbed to their own poison gas

Levels and vault maps discovered:
D:1:      psy_arrival_dodecagon, layout_basic, minmay_ruptured

Skill      XL: |  1  2 |
---------------+-------+-----
Axes           | 3 |  3.8
Fighting       | |  2.0
Throwing       | |  1.0
Armour         | |  1.1
Dodging        | |  2.1
Spellcasting   | |  2.0
Translocations | |  2.4

Action                   || total
-------------------------++-------
Melee: Hand axe          ||    36
       Kick              ||    10
       Peck              ||     6
       Punch             ||     1
Throw: Boomerang         ||     7
  Use: Scroll            ||     5
Armor: Leather armour    ||     2
Dodge: Dodged            ||    14

Table legend:
 A = Non-vault XP
 B = Vault XP
 C = Vault XP percentage of total XP
 D = Non-vault monster count
 E = Vault monster count
 F = Vault count percentage of total count
                 A         B        C        D         E       F
            +---------+---------+-------+---------+---------+-------
      Total |      37 |       1 |   2.6 |      22 |       1 |   4.3
            +---------+---------+-------+---------+---------+-------
        D:1 |      37 |       1 |   2.6 |      22 |       1 |   4.3
            +---------+---------+-------+---------+---------+-------
